 Dungeon Crawl Stone Soup version 0.21.1-1-g345015f (webtiles) character file.

224225 tidbits the Martial Artist (level 18, -5/201 HPs)
             Began as a Gnoll Transmuter on Feb 14, 2018.
             Was an Elder of Cheibriados.
             Slain by the Royal Jelly (9 damage)
             ... on level 5 of the Pits of Slime on Feb 15, 2018.
             The game lasted 02:53:37 (10136 turns).

tidbits the Martial Artist (Gnoll Transmuter)      Turns: 10136, Time: 02:53:38

Health: -5/201     AC: 31    Str: 21    XL:     18   Next: 81%
Magic:  26/35      EV: 33    Int: 31    God:    Cheibriados [****..]
Gold:   1332       SH: 17    Dex: 32    Spells: 8/43 levels left

rFire    . . .     SeeInvis .   Y - +0 hand axe (elec)
rCold    . . .     Gourm    .   D - +2 shield
rNeg     + . .     Faith    .   (armour currently unavailable)
rPois    ∞         Spirit   .   (helmet restricted)
rElec    +         Reflect  .   C - +2 cloak
rCorr    +         Harm     .   (gloves currently unavailable)
MR       +....     Rnd*Rage +   (boots currently unavailable)
Stlth    +++++++...             s - amulet of magic regeneration
HPRegen  0.43/turn              U - +5 ring of protection
MPRegen  0.49/turn              K - ring of resist corrosion

@: agile, statue-form, corroded, very slightly contaminated, studying Earth
Magic, very slow
A: distributed training, antennae 1, fangs 1, berserk 1, blurry vision 1, robust
1, strong nose
}: 2/15 runes: decaying, gossamer
a: End Transformation, Bend Time, Temporal Distortion, Slouch, Renounce Religion


You were on level 5 of the Pits of Slime.
You worshipped Cheibriados.
Cheibriados was greatly pleased with you.
You were not hungry.
You were a stone statue.
You visited 7 branches of the dungeon, and saw 36 of its levels.
You also visited: Labyrinth and Ossuary.

You collected 2629 gold pieces.
You spent 1297 gold pieces at shops.

Inventory:

Hand Weapons
 a - a +4 dagger of draining
   (You took it off an orc wizard on level 11 of the Dungeon)
 b - a +1 broad axe of chopping
   (You took it off an orc warlord on level 2 of the Orcish Mines)
 V - a +8 demon trident of flaming
   (You took it off Louise on level 2 of the Spider Nest)
 W - the +2 flail of the Dove {crush, MR++ Stlth+}
   (You found it on level 4 of the Swamp)

   It inflicts extra damage upon your enemies.
   It affects your resistance to hostile enchantments.
   It makes you more stealthy.
 Y - a +0 hand axe of electrocution (weapon)
   (You subdued it on level 3 of the Elven Halls)
Missiles
 k - 19 tomahawks (quivered)
 x - 469 stones
 T - 489 arrows
Armour
 B - a +2 robe of the Archmagi (melded)
   (You took it off Dowan on level 6 of the Dungeon)
 C - a +2 cloak (worn)
 D - a +2 shield (worn)
 E - a +2 helmet
 F - a +1 pair of boots (melded)
 G - the +1 pair of gloves "Hiezasac" (melded) {rF+ MR- Regen+ Stlth+}
   (You found it on level 3 of the Elven Halls)

   It protects you from fire.
   It affects your resistance to hostile enchantments.
   It increases your rate of regeneration.
   It makes you more stealthy.
Magical Staves
 e - an uncursed staff of energy {!a}
   (You found it in a labyrinth)
Jewellery
 l - a +5 ring of intelligence
   (You found it on level 5 of the Dungeon)
 s - an amulet of magic regeneration (around neck)
   (You took it off a deep elf annihilator on level 3 of the Elven Halls)
 I - the ring of Muveq {+Fly rC+ Str+6 Dex-3 SInv}
   (You found it in a labyrinth)

   [ring of flight]

   It affects your strength (+6).
   It affects your dexterity (-3).
   It protects you from cold.
   It lets you see invisible.
   It lets you fly.
 K - a ring of resist corrosion (right hand)
   (You took it off a deep elf death mage on level 3 of the Elven Halls)
 U - a +5 ring of protection (left hand)
   (You took it off an entropy weaver on level 4 of the Spider Nest)
Wands
 n - a wand of clouds (1)
 o - a wand of acid (13)
 q - a wand of flame (49)
 y - a wand of disintegration (20)
 L - a wand of iceblast (10)
 P - a wand of enslavement (4)
 R - a wand of scattershot (5)
Scrolls
 d - a scroll of blinking
 g - 3 scrolls of fog
 i - 2 scrolls of summoning
 j - 2 scrolls of fear
 O - 3 scrolls of vulnerability
 S - 5 scrolls of teleportation
 Z - a scroll of magic mapping
Potions
 t - 2 potions of might
 u - 4 potions of lignification
 A - 3 potions of curing
 H - 4 potions of cancellation
 M - 3 potions of resistance
 N - a potion of agility
 Q - a potion of ambrosia
Books
 f - a book of Battle
   (You found it on level 1 of the Swamp)

   Spells                             Type                      Level
   a - Infusion                       Charms                       1
   b - Shroud of Golubria             Charms/Translocation         2
   c - Song of Slaying                Charms                       2
   d - Spectral Weapon                Hexes/Charms                 3
   e - Regeneration                   Charms/Necromancy            3
 h - a manual of Earth Magic
   (You found it on level 3 of the Elven Halls)
 z - a book of Minor Magic
   (You found it on level 6 of the Dungeon)

   Spells                             Type                      Level
   a - Magic Dart                     Conjuration                  1
   b - Blink                          Translocation                2
   c - Call Imp                       Summoning                    2
   d - Slow                           Hexes                        2
   e - Conjure Flame                  Conjuration/Fire             3
   f - Mephitic Cloud                 Conjuration/Poison/Air       3
Miscellaneous
 m - a phial of floods
 v - a lamp of fire (inert)
 w - a box of beasts
Comestibles
 c - 33 rations


   Skills:
 + Level 12.4 Fighting
 + Level 12.2 Short Blades
 + Level 12.2 Long Blades
 + Level 12.2 Axes
 + Level 12.2 Maces & Flails
 + Level 12.2 Polearms
 + Level 12.2 Staves
 + Level 12.2 Slings
 + Level 12.2 Bows
 + Level 12.2 Crossbows
 + Level 12.2 Throwing
 + Level 12.2 Armour
 + Level 12.9 Dodging
 + Level 12.2 Stealth
 + Level 12.2 Shields
 + Level 13.5 Unarmed Combat
 + Level 13.0 Spellcasting
 + Level 10.4 Conjurations
 + Level 10.4 Hexes
 + Level 10.4 Charms
 + Level 10.4 Summonings
 + Level 10.4 Necromancy
 + Level 10.4 Translocations
 + Level 11.1 Transmutations
 + Level 10.4 Fire Magic
 + Level 10.4 Ice Magic
 + Level 10.4 Air Magic
 + Level 12.1 Earth Magic
 + Level 10.4 Poison Magic
 + Level 13.2 Invocations
 + Level 12.2 Evocations


You had 8 spell levels left.
You knew the following spells:

 Your Spells              Type           Power        Failure   Level  Hunger
a - Sandblast             Erth           ######       1%          1    None
b - Blink                 Tloc           N/A          1%          2    None
k - Sticks to Snakes      Tmut           ######..     1%          2    None
n - Animate Skeleton      Necr           N/A          1%          1    None
p - Passwall              Tmut/Erth      #######...   1%          2    None
r - Regeneration          Chrm/Necr      ######....   1%          3    None
s - Statue Form           Tmut/Erth      #######..    4%          6    ####...
w - Spectral Weapon       Hex/Chrm       ######..     1%          3    None
A - Apportation           Tloc           ######       1%          1    None
D - Lee's Rapid Deconstr  Erth           #######...   1%          5    None
L - Summon Lightning Spi  Summ/Air       ######..     1%          4    None
R - Irradiate             Conj/Tmut      ######....   1%          5    None


Dungeon Overview and Level Annotations

Branches:
Dungeon (12/15)            Temple (0/1) D:6            Lair (6/6) D:9
  Swamp (4/4) Lair:4       Spider (4/4) Lair:3        Slime (5/5) Lair:6
    Orc (2/2) D:12            Elf (3/3) Orc:2

Altars:
Ashenzari
Cheibriados
Fedhas
Gozag
Kikubaaqudgha
Nemelex Xobeh
Okawaru
Uskayaw
Wu Jian
Xom

Shops:
D:6 *   D:7 *   Orc:2 **((   Elf:2 ?

Annotations:
Spider:3 Mara
Slime:5 Royal Jelly
Elf:3 shakethe's ghost, adept GnNe


Innate Abilities, Weirdness & Mutations

Your experience applies equally to all skills.
You have very sharp teeth.
Your uncanny sense of smell can sniff out nearby items.
You have a pair of small antennae on your head.
You tend to lose your temper in combat.
Scrolls take you a little longer to read.
You are robust. (+10% HP)


Message History

You feel much better.
The azure jelly is engulfed in blazing flames.
The azure jelly completely misses you. The azure jelly misses you.
You block the azure jelly's attack. x2
The death ooze is engulfed in blazing flames.
The Royal Jelly hits you but does no damage. x2
The acid blob is engulfed in blazing flames. x3
The shining eye is engulfed in blazing flames.
You block the slime creature's attack.
The death ooze is engulfed in blazing flames.
The slime creature misses you. The Royal Jelly misses you.
The Royal Jelly barely misses you.
The great orb of eyes is engulfed in blazing flames.
Unknown command.
You slash the slime creature!
You kill the slime creature!
Cheibriados thoroughly appreciates the change of pace.
You slash the slime creature!
You hit the Royal Jelly but do no damage.
The acid corrodes you!
Your hands burn!
* * * LOW HITPOINT WARNING * * *
You hit the acid blob but do no damage.
Lightning courses through the acid blob!
Your hands burn!
* * * LOW HITPOINT WARNING * * *
You hit the acid blob but do no damage.
Lightning courses through the acid blob!
Your hands burn!
* * * LOW HITPOINT WARNING * * *
The acid blob is engulfed in blazing flames.
The death ooze is engulfed in blazing flames.
The Royal Jelly completely misses you. You block the Royal Jelly's attack.
The large slime creature is engulfed in blazing flames.
A large slime creature splits.
The azure jelly is engulfed in blazing flames.
You block the slime creature's attack.
The acid blob is engulfed in blazing flames.
The acid blob spits acid at you. The splash of acid hits you! You resist.
The acid corrodes you!
You are splashed with acid!
The acid burns!
You resist.
* * * LOW HITPOINT WARNING * * *
The great orb of eyes is engulfed in blazing flames.
You kill the great orb of eyes!
Cheibriados thoroughly appreciates the change of pace.
The acid blob is engulfed in blazing flames.
The acid blob spits acid at you. The splash of acid hits you!
You are splashed with acid!
The acid burns!
You resist.
* * * LOW HITPOINT WARNING * * *
The acid blob is engulfed in blazing flames.
Unknown command.
Unknown command.
You can feel time thicken for a moment.
You kill the slime creature!
Cheibriados thoroughly appreciates the change of pace.
You kill the slime creature!
Cheibriados appreciates the change of pace.
You destroy the death ooze!
That felt strangely unrewarding.
You kill the azure jelly!
Cheibriados appreciates the change of pace.
You kill the slime creature!
Cheibriados thoroughly appreciates the change of pace.
You feel somewhat more hungry.
The Royal Jelly shudders violently.
The Royal Jelly spits out four more jellies.
You block the Royal Jelly's attack. x2
The acid blob is engulfed in blazing flames.
You kill the acid blob!
That felt strangely unrewarding.
You block the Royal Jelly's attack.
The Royal Jelly hits you but does no damage.
The acid blob is engulfed in blazing flames.
The acid blob completely misses you.
The acid blob is engulfed in blazing flames.
The Royal Jelly hits you!
* * * LOW HITPOINT WARNING * * *
You are splashed with acid!
The acid burns!
You resist.
* * * LOW HITPOINT WARNING * * *
The Royal Jelly closely misses you.
An eye of devastation comes into view.
Okay, then.
Unknown command.
Unknown command.
You can feel time thicken for a moment.
You kill the shining eye!
Cheibriados thoroughly appreciates the change of pace.
You kill the acid blob!
That felt strangely unrewarding.
You kill the acid blob!
Cheibriados appreciates the change of pace.
You feel somewhat more hungry.
Cheibriados lowers the support of your attributes as your movement quickens.
The Royal Jelly shudders violently.
The Royal Jelly spits out three more jellies.
The Royal Jelly completely misses you. The Royal Jelly hits you.
* * * LOW HITPOINT WARNING * * *
You are splashed with acid!
The acid burns!
You resist.
* * * LOW HITPOINT WARNING * * *
The eye of devastation is engulfed in blazing flames.
The Royal Jelly hits you!
You die...

...... ......
...... ......#
.......####
........#.# #
..........#....
.......8JJ.....
.....§§JJJ.....
....§§§JJJ.....
...§§§§§.......
..§§§§§........
.§§§§§§........
.G§............
§..............


You could see the Royal Jelly, an acid blob, an azure jelly, an eye of
devastation and 5 death oozes.

Vanquished Creatures
  Jorgrun (Swamp:4)
  2 deep elf blademasters (Elf:3)
  10 acid blobs
  Frances (Elf:1)
  2 thorn hunters
  An azure jelly (Slime:5)
  Roxanne (Elf:2)
  3 ghost moths
  An orc warlord (Orc:2)
  Louise (Spider:2)
  6 deep elf sorcerers (Elf:3)
  A deep elf elementalist (Elf:3)
  3 emperor scorpions (Spider:4)
  3 very ugly things (Swamp:4)
  An entropy weaver (Spider:4)
  7 deep elf annihilators
  3 deep elf demonologists (Elf:3)
  4 deep elf death magi (Elf:3)
  2 spark wasps (Spider:4)
  2 green deaths (Swamp:4)
  A minotaur (Lab)
  3 death oozes
  2 deep elf high priests (Elf:3)
  3 great orbs of eyes
  12 hydras
  Fannar (Lair:1)
  A hell beast (Swamp:4)
  A two-headed ogre (D:10)
  9 dancing weapons
  3 alligators (Swamp:4)
  3 spriggans
  15 deep elf knights
  2 shambling mangroves
  5 swamp dragons
  A spriggan druid (Swamp:4)
  7 deep elf archers (Elf:3)
  Pikel (D:4)
  11 orb spiders
  An obsidian statue (Elf:3)
  An oklob plant (Orc:1)
  20 wolf spiders
  30 deep elf magi
  4 orc knights
  An orc sorcerer (Orc:1)
  3 shining eyes
  3 ugly things (Swamp:4)
  Maurice (D:10)
  A moth of wrath (Spider:4)
  A black mamba (Lair:3)
  9 spiny frogs
  2 eyes of devastation
  2 torpor snails
  2 komodo dragons
  A rime drake (Lair:4)
  3 demonic crawlers
  A queen bee (Lair:1)
  26 jumping spiders
  4 trolls
  3 polar bears
  12 hornets
  A tyrant leech (Swamp:1)
  7 bog bodies
  66 slime creatures
  6 blink frogs
  2 hippogriffs
  A dream sheep (Lair:6)
  A large abomination (Swamp:4)
  2 shadows (Swamp:4)
  23 tarantellas
  An air elemental (Elf:2)
  82 redbacks
  3 water elementals
  4 fire elementals
  2 wyverns
  A vampire (D:9)
  A basilisk (Lair:4)
  28 yaks
  3 golden eyes
  9 vampire mosquitoes
  A hungry ghost (D:9)
  A warg (shapeshifter) (Elf:3)
  3 wargs
  Edmund (D:5)
  8 swamp worms
  Duvessa (D:6)
  3 water moccasins
  6 porcupines
  An ice beast (D:11)
  2 sky beasts
  41 orc warriors
  5 swamp drakes
  5 black bears
  3 eyes of draining
  4 ogres
  2 phantoms
  11 centaurs
  10 wolves
  8 crocodiles
  A big kobold (D:11)
  A small abomination (Swamp:4)
  13 bullfrogs
  3 earth elementals (Elf:3)
  A hornet simulacrum (D:10)
  6 scorpions
  A water moccasin skeleton (D:8)
  24 killer bees (Lair:1)
  7 howler monkeys
  4 electric eels
  2 lava snakes (Lair:1)
  2 crimson imps
  2 bullfrog zombies
  19 orc wizards
  4 hounds
  3 jellies
  A bullfrog skeleton (D:9)
  9 orc priests
  An iguana (D:7)
  4 worker ants
  A centaur simulacrum (D:10)
  A hound skeleton (D:4)
  Robin (D:3)
  4 gnolls
  6 adders
  A shadow imp (D:10)
  2 ufetubi (D:10)
  An ooze (D:3)
  An adder skeleton (D:5)
  A dart slug (D:2)
  2 leopard geckos (D:3)
  69 orcs
  4 giant cockroaches
  9 goblins
  6 hobgoblins
  12 jackals
  2 quokkas
  11 bats
  2 frilled lizards
  7 kobolds
  A quokka zombie (D:7)
  A rat (D:1)
  A rat zombie (D:7)
  4 briar patches (Swamp:2)
  A fungus (Lair:4)
  A plant (D:9)
886 creatures vanquished.

Vanquished Creatures (collateral kills)
  2 deep elf master archers (Elf:3)
  An azure jelly (Slime:2)
  2 deep elf sorcerers (Elf:3)
  A deep elf demonologist (Elf:3)
  2 deep elf annihilators (Elf:3)
  3 deep elf death magi
  A deep elf knight (Elf:3)
  A shambling mangrove (Swamp:4)
  5 deep elf archers
  6 deep elf magi
  A shining eye (Slime:2)
  An orange demon (Swamp:4)
  A troll (Orc:2)
  A jumping spider (Spider:4)
  A hornet (Swamp:4)
  A slime creature (Swamp:4)
  A hippogriff (D:8)
  A redback (Spider:4)
  A shadow (Swamp:4)
  2 yaks (D:12)
  Menkaure (D:4)
  A vampire mosquito (D:12)
  A warg (Orc:2)
  An ice beast (D:11)
  6 orc warriors
  2 ogres
  A centaur (D:12)
  A bullfrog (D:12)
  Dowan (D:6)
  A crimson imp (D:8)
  An orc priest (Orc:2)
  Crazy Yiuf (D:7)
  A bullfrog skeleton (D:3)
  An orc wizard (Orc:1)
  3 gnolls (D:6)
  An adder (D:7)
  18 orcs
  A jackal (D:5)
78 creatures vanquished.

Vanquished Creatures (others)
  A deep elf mage (Elf:3)
  A vampire mosquito (Swamp:4)
  A slave (D:4)
  2 centaurs (D:11)
  A hound skeleton (D:4)
  A jackal (D:4)
  12 fungi
  4 plants (D:7)
  4 spectral weapons
27 creatures vanquished.

Grand Total: 991 creatures vanquished

Notes
Turn   | Place    | Note
-------+----------+-------------------------------------------
     0 | D:1      | tidbits the Gnoll Transmuter began the quest for the Orb.
     0 | D:1      | Reached XP level 1. HP: 17/17 MP: 6/6
   106 | D:2      | Reached XP level 2. HP: 23/23 MP: 5/7
   110 | D:2      | Learned a level 2 spell: Sticks to Snakes
   353 | D:3      | Reached skill level 5 in Spellcasting
   353 | D:3      | Reached XP level 3. HP: 25/28 MP: 4/9
   358 | D:3      | Learned a level 3 spell: Spider Form
   388 | D:3      | Reached skill level 1 in Short Blades
   388 | D:3      | Reached skill level 1 in Long Blades
   388 | D:3      | Reached skill level 1 in Axes
   388 | D:3      | Reached skill level 1 in Maces & Flails
   388 | D:3      | Reached skill level 1 in Polearms
   388 | D:3      | Reached skill level 1 in Staves
   388 | D:3      | Reached skill level 1 in Slings
   388 | D:3      | Reached skill level 1 in Bows
   388 | D:3      | Reached skill level 1 in Crossbows
   388 | D:3      | Reached skill level 1 in Throwing
   388 | D:3      | Reached skill level 1 in Armour
   388 | D:3      | Reached skill level 1 in Stealth
   388 | D:3      | Reached skill level 1 in Shields
   388 | D:3      | Reached skill level 1 in Invocations
   388 | D:3      | Reached skill level 1 in Evocations
   388 | D:3      | Reached XP level 4. HP: 28/34 MP: 3/11
   435 | D:3      | Found a blossoming altar of Fedhas.
   437 | D:3      | Found an ancient bone altar of Kikubaaqudgha.
   468 | D:4      | Noticed a slave
   468 | D:4      | Noticed a slave
   469 | D:4      | Noticed Pikel
   474 | D:4      | Reached skill level 1 in Conjurations
   474 | D:4      | Reached skill level 1 in Hexes
   474 | D:4      | Reached skill level 1 in Charms
   474 | D:4      | Reached skill level 1 in Summonings
   474 | D:4      | Reached skill level 1 in Necromancy
   474 | D:4      | Reached skill level 1 in Translocations
   474 | D:4      | Reached skill level 1 in Fire Magic
   474 | D:4      | Reached skill level 1 in Ice Magic
   474 | D:4      | Reached skill level 1 in Air Magic
   474 | D:4      | Reached skill level 1 in Earth Magic
   474 | D:4      | Reached skill level 1 in Poison Magic
   478 | D:4      | HP: 1/34 [Pikel/whip of flaming (4)]
   481 | D:4      | Killed Pikel
   481 | D:4      | Reached skill level 3 in Fighting
   481 | D:4      | Reached skill level 2 in Short Blades
   481 | D:4      | Reached skill level 2 in Long Blades
   481 | D:4      | Reached skill level 2 in Axes
   481 | D:4      | Reached skill level 2 in Maces & Flails
   481 | D:4      | Reached skill level 2 in Polearms
   481 | D:4      | Reached skill level 2 in Staves
   481 | D:4      | Reached skill level 2 in Slings
   481 | D:4      | Reached skill level 2 in Bows
   481 | D:4      | Reached skill level 2 in Crossbows
   481 | D:4      | Reached skill level 2 in Throwing
   481 | D:4      | Reached skill level 2 in Armour
   481 | D:4      | Reached skill level 5 in Dodging
   481 | D:4      | Reached skill level 2 in Stealth
   481 | D:4      | Reached skill level 2 in Shields
   481 | D:4      | Reached skill level 7 in Unarmed Combat
   481 | D:4      | Reached skill level 4 in Transmutations
   481 | D:4      | Reached skill level 2 in Invocations
   481 | D:4      | Reached skill level 2 in Evocations
   481 | D:4      | Reached XP level 5. HP: 11/41 MP: 5/13
   481 | D:4      | Reached XP level 6. HP: 13/47 MP: 5/14
   481 | D:4      | Reached XP level 7. HP: 15/52 MP: 5/15
   555 | D:3      | Noticed Robin
   579 | D:3      | Killed Robin
   579 | D:3      | Reached skill level 2 in Conjurations
   579 | D:3      | Reached skill level 2 in Hexes
   579 | D:3      | Reached skill level 2 in Charms
   579 | D:3      | Reached skill level 2 in Summonings
   579 | D:3      | Reached skill level 2 in Necromancy
   579 | D:3      | Reached skill level 2 in Translocations
   579 | D:3      | Reached skill level 2 in Fire Magic
   579 | D:3      | Reached skill level 2 in Ice Magic
   579 | D:3      | Reached skill level 2 in Air Magic
   579 | D:3      | Reached skill level 2 in Earth Magic
   579 | D:3      | Reached skill level 2 in Poison Magic
   649 | D:4      | Noticed Menkaure
   658 | D:4      | Killed Menkaure
   737 | D:5      | Entered Level 5 of the Dungeon
   748 | D:5      | Reached skill level 3 in Invocations
   795 | D:5      | Noticed Edmund
   829 | D:5      | HP: 2/53 [orc wizard/magic dart (7)]
   843 | D:4      | Found a sparkling altar of Nemelex Xobeh.
   843 | D:4      | Found an ornate altar of the Wu Jian Council.
   843 | D:4      | Found a hide-covered altar of Uskayaw.
   843 | D:4      | Found a snail-covered altar of Cheibriados.
   856 | D:4      | Became a worshipper of Cheibriados the Contemplative
   912 | D:5      | Reached XP level 8. HP: 19/60 MP: 16/16
   985 | D:5      | Killed Edmund
   985 | D:5      | Reached skill level 4 in Fighting
   985 | D:5      | Reached skill level 3 in Short Blades
   985 | D:5      | Reached skill level 3 in Long Blades
   985 | D:5      | Reached skill level 3 in Axes
   985 | D:5      | Reached skill level 3 in Maces & Flails
   985 | D:5      | Reached skill level 3 in Polearms
   985 | D:5      | Reached skill level 3 in Staves
   985 | D:5      | Reached skill level 3 in Slings
   985 | D:5      | Reached skill level 3 in Bows
   985 | D:5      | Reached skill level 3 in Crossbows
   985 | D:5      | Reached skill level 3 in Throwing
   985 | D:5      | Reached skill level 3 in Armour
   985 | D:5      | Reached skill level 3 in Stealth
   985 | D:5      | Reached skill level 3 in Shields
   985 | D:5      | Reached skill level 3 in Evocations
  1157 | D:6      | Found a staircase to the Ecumenical Temple.
  1161 | D:6      | Learned a level 2 spell: Blink
  1235 | D:6      | Reached skill level 6 in Spellcasting
  1274 | D:7      | Learned a level 1 spell: Sandblast
  1277 | D:7      | Learned a level 2 spell: Passwall
  1329 | D:7      | Found Oxzal's Elemental Accessories.
  1368 | D:6      | Found an opulent altar of Gozag.
  1368 | D:6      | Found Gozag's Platinum Reserve.
  1371 | D:6      | Reached * piety under Cheibriados
  1396 | D:6      | Noticed Duvessa
  1397 | D:6      | Noticed Dowan
  1414 | D:6      | Killed Duvessa
  1421 | D:6      | Reached skill level 3 in Conjurations
  1421 | D:6      | Reached skill level 3 in Hexes
  1421 | D:6      | Reached skill level 3 in Charms
  1421 | D:6      | Reached skill level 3 in Summonings
  1421 | D:6      | Reached skill level 3 in Necromancy
  1421 | D:6      | Reached skill level 3 in Translocations
  1421 | D:6      | Reached skill level 3 in Fire Magic
  1421 | D:6      | Reached skill level 3 in Ice Magic
  1421 | D:6      | Reached skill level 3 in Air Magic
  1421 | D:6      | Reached skill level 3 in Earth Magic
  1421 | D:6      | Reached skill level 3 in Poison Magic
  1421 | D:6      | Reached skill level 4 in Invocations
  1422 | D:6      | Killed Dowan
  1422 | D:6      | Reached skill level 6 in Dodging
  1422 | D:6      | Reached XP level 9. HP: 52/66 MP: 9/18
  1569 | D:7      | Reached skill level 5 in Transmutations
  1618 | D:7      | Reached skill level 4 in Short Blades
  1618 | D:7      | Reached skill level 4 in Long Blades
  1618 | D:7      | Reached skill level 4 in Axes
  1618 | D:7      | Reached skill level 4 in Maces & Flails
  1618 | D:7      | Reached skill level 4 in Polearms
  1618 | D:7      | Reached skill level 4 in Staves
  1618 | D:7      | Reached skill level 4 in Slings
  1618 | D:7      | Reached skill level 4 in Bows
  1618 | D:7      | Reached skill level 4 in Crossbows
  1618 | D:7      | Reached skill level 4 in Throwing
  1618 | D:7      | Reached skill level 4 in Armour
  1618 | D:7      | Reached skill level 4 in Stealth
  1618 | D:7      | Reached skill level 4 in Shields
  1618 | D:7      | Reached skill level 4 in Evocations
  1623 | D:7      | Reached ** piety under Cheibriados
  1763 | D:7      | Found a sand-covered staircase.
  1772 | Ossuary  | Entered an ossuary
  1971 | D:7      | Found a runed door.
  1976 | D:7      | Noticed Crazy Yiuf
  1981 | D:7      | Killed Crazy Yiuf
  2096 | D:7      | Reached skill level 5 in Fighting
  2143 | D:8      | Found an iron altar of Okawaru.
  2204 | D:8      | Reached skill level 8 in Unarmed Combat
  2281 | D:8      | Learned a level 5 spell: Blade Hands
  2339 | D:10     | Entered Level 10 of the Dungeon
  2353 | D:9      | Reached skill level 5 in Invocations
  2380 | D:9      | Gained mutation: Armour fits poorly on your strangely shaped body. [mutagenic glow]
  2383 | D:9      | Reached XP level 10. HP: 74/74 MP: 16/20
  2395 | D:9      | Reached *** piety under Cheibriados
  2395 | D:9      | Reached skill level 7 in Spellcasting
  2402 | D:9      | Reached skill level 4 in Conjurations
  2402 | D:9      | Reached skill level 4 in Hexes
  2402 | D:9      | Reached skill level 4 in Charms
  2402 | D:9      | Reached skill level 4 in Summonings
  2402 | D:9      | Reached skill level 4 in Necromancy
  2402 | D:9      | Reached skill level 4 in Translocations
  2402 | D:9      | Reached skill level 4 in Fire Magic
  2402 | D:9      | Reached skill level 4 in Ice Magic
  2402 | D:9      | Reached skill level 4 in Air Magic
  2402 | D:9      | Reached skill level 4 in Earth Magic
  2402 | D:9      | Reached skill level 4 in Poison Magic
  2418 | D:9      | Found a staircase to the Lair.
  2545 | D:9      | Reached skill level 5 in Short Blades
  2545 | D:9      | Reached skill level 5 in Long Blades
  2545 | D:9      | Reached skill level 5 in Axes
  2545 | D:9      | Reached skill level 5 in Maces & Flails
  2545 | D:9      | Reached skill level 5 in Polearms
  2545 | D:9      | Reached skill level 5 in Staves
  2545 | D:9      | Reached skill level 5 in Slings
  2545 | D:9      | Reached skill level 5 in Bows
  2545 | D:9      | Reached skill level 5 in Crossbows
  2545 | D:9      | Reached skill level 5 in Throwing
  2545 | D:9      | Reached skill level 5 in Armour
  2545 | D:9      | Reached skill level 5 in Stealth
  2545 | D:9      | Reached skill level 5 in Shields
  2545 | D:9      | Reached skill level 5 in Evocations
  2553 | D:9      | Reached skill level 7 in Dodging
  2620 | D:10     | Reached skill level 6 in Fighting
  2645 | D:11     | Reached **** piety under Cheibriados
  2657 | D:11     | Reached skill level 6 in Transmutations
  2657 | D:11     | Reached skill level 6 in Invocations
  2789 | D:11     | Reached XP level 11. HP: 41/82 MP: 9/22
  2801 | D:11     | Noticed an eight-headed hydra
  2808 | D:11     | Killed an eight-headed hydra
  2894 | D:11     | Reached ***** piety under Cheibriados
  2967 | D:10     | Reached skill level 9 in Unarmed Combat
  2967 | D:10     | Reached skill level 6 in Short Blades
  2967 | D:10     | Reached skill level 6 in Long Blades
  2967 | D:10     | Reached skill level 6 in Axes
  2967 | D:10     | Reached skill level 6 in Maces & Flails
  2967 | D:10     | Reached skill level 6 in Polearms
  2967 | D:10     | Reached skill level 6 in Staves
  2967 | D:10     | Reached skill level 6 in Slings
  2967 | D:10     | Reached skill level 6 in Bows
  2967 | D:10     | Reached skill level 6 in Crossbows
  2967 | D:10     | Reached skill level 6 in Throwing
  2967 | D:10     | Reached skill level 6 in Armour
  2967 | D:10     | Reached skill level 6 in Stealth
  2967 | D:10     | Reached skill level 6 in Shields
  2967 | D:10     | Reached skill level 6 in Evocations
  2980 | D:10     | Noticed a two-headed ogre
  2988 | D:10     | Killed a two-headed ogre
  2988 | D:10     | Reached skill level 8 in Spellcasting
  2988 | D:10     | Reached skill level 5 in Conjurations
  2988 | D:10     | Reached skill level 5 in Hexes
  2988 | D:10     | Reached skill level 5 in Charms
  2988 | D:10     | Reached skill level 5 in Summonings
  2988 | D:10     | Reached skill level 5 in Necromancy
  2988 | D:10     | Reached skill level 5 in Translocations
  2988 | D:10     | Reached skill level 5 in Fire Magic
  2988 | D:10     | Reached skill level 5 in Ice Magic
  2988 | D:10     | Reached skill level 5 in Air Magic
  2988 | D:10     | Reached skill level 5 in Earth Magic
  2988 | D:10     | Reached skill level 5 in Poison Magic
  3053 | D:10     | Found a shattered altar of Ashenzari.
  3061 | D:10     | Noticed Maurice
  3067 | D:10     | Killed Maurice
  3288 | D:12     | Reached skill level 7 in Invocations
  3293 | D:12     | Found a staircase to the Orcish Mines.
  3299 | D:12     | Reached skill level 7 in Fighting
  3299 | D:12     | Reached skill level 8 in Dodging
  3372 | Orc:1    | Entered Level 1 of the Orcish Mines
  3468 | Orc:1    | Noticed an oklob plant
  3480 | Orc:1    | Killed an oklob plant
  3551 | Orc:2    | Entered Level 2 of the Orcish Mines
  3587 | Orc:2    | Noticed an orc knight
  3602 | Orc:2    | Reached XP level 12. HP: 91/91 MP: 19/24
  3611 | Orc:2    | Noticed an orc warlord
  3611 | Orc:2    | Reached ****** piety under Cheibriados
  3649 | Orc:2    | Found a staircase to the Elven Halls.
  3654 | Orc:2    | Killed an orc warlord
  3654 | Orc:2    | Reached skill level 7 in Transmutations
  3667 | Orc:2    | Reached skill level 7 in Short Blades
  3667 | Orc:2    | Reached skill level 7 in Long Blades
  3667 | Orc:2    | Reached skill level 7 in Axes
  3667 | Orc:2    | Reached skill level 7 in Maces & Flails
  3667 | Orc:2    | Reached skill level 7 in Polearms
  3667 | Orc:2    | Reached skill level 7 in Staves
  3667 | Orc:2    | Reached skill level 7 in Slings
  3667 | Orc:2    | Reached skill level 7 in Bows
  3667 | Orc:2    | Reached skill level 7 in Crossbows
  3667 | Orc:2    | Reached skill level 7 in Throwing
  3667 | Orc:2    | Reached skill level 7 in Armour
  3667 | Orc:2    | Reached skill level 7 in Stealth
  3667 | Orc:2    | Reached skill level 7 in Shields
  3667 | Orc:2    | Reached skill level 7 in Evocations
  3945 | Orc:1    | Reached skill level 6 in Conjurations
  3945 | Orc:1    | Reached skill level 6 in Hexes
  3945 | Orc:1    | Reached skill level 6 in Charms
  3945 | Orc:1    | Reached skill level 6 in Summonings
  3945 | Orc:1    | Reached skill level 6 in Necromancy
  3945 | Orc:1    | Reached skill level 6 in Translocations
  3945 | Orc:1    | Reached skill level 6 in Fire Magic
  3945 | Orc:1    | Reached skill level 6 in Ice Magic
  3945 | Orc:1    | Reached skill level 6 in Air Magic
  3945 | Orc:1    | Reached skill level 6 in Earth Magic
  3945 | Orc:1    | Reached skill level 6 in Poison Magic
  4074 | Orc:2    | Reached skill level 8 in Invocations
  4087 | Orc:2    | Reached skill level 9 in Spellcasting
  4228 | Orc:2    | Reached skill level 8 in Fighting
  4228 | Orc:2    | Reached skill level 10 in Unarmed Combat
  4298 | Orc:2    | Found Bysatuda's Antique Weapon Shoppe.
  4298 | Orc:2    | Found Jibeussigyo's Assorted Antiques.
  4300 | Orc:2    | Found Hiuticeu's General Store.
  4302 | Orc:2    | Found Nocwad's Weapon Emporium.
  4308 | Orc:2    | Bought a heavily runed crystal amulet for 150 gold pieces
  4308 | Orc:2    | Bought a short silver wand for 120 gold pieces
  4309 | Orc:2    | Identified the amulet of Royalty {Spirit Str+4} (You bought it in a shop on level 2 of the Orcish Mines)
  4320 | Orc:2    | Bought a potion of invisibility for 104 gold pieces
  4320 | Orc:2    | Bought a scroll of identify for 26 gold pieces
  4320 | Orc:2    | Bought a book of the Sky for 845 gold pieces
  4325 | Orc:2    | Learned a level 4 spell: Summon Lightning Spire
  4331 | Orc:2    | Learned a level 5 spell: Silence
  4407 | Elf:1    | Entered Level 1 of the Elven Halls
  4506 | Elf:2    | Reached skill level 9 in Dodging
  4517 | Elf:2    | Noticed Roxanne
  4559 | Elf:2    | Killed Roxanne
  4559 | Elf:2    | Reached XP level 13. HP: 39/98 MP: 19/26
  4571 | Elf:2    | Learned a level 6 spell: Statue Form
  4582 | Elf:2    | Found Qugeapsy's Magic Scroll Shoppe.
  4598 | Elf:2    | Bought a scroll of fear for 52 gold pieces
  4661 | Elf:3    | Entered Level 3 of the Elven Halls
  4727 | Elf:2    | Reached skill level 8 in Short Blades
  4727 | Elf:2    | Reached skill level 8 in Long Blades
  4727 | Elf:2    | Reached skill level 8 in Axes
  4727 | Elf:2    | Reached skill level 8 in Maces & Flails
  4727 | Elf:2    | Reached skill level 8 in Polearms
  4727 | Elf:2    | Reached skill level 8 in Staves
  4727 | Elf:2    | Reached skill level 8 in Slings
  4727 | Elf:2    | Reached skill level 8 in Bows
  4727 | Elf:2    | Reached skill level 8 in Crossbows
  4727 | Elf:2    | Reached skill level 8 in Throwing
  4727 | Elf:2    | Reached skill level 8 in Armour
  4727 | Elf:2    | Reached skill level 8 in Stealth
  4727 | Elf:2    | Reached skill level 8 in Shields
  4727 | Elf:2    | Reached skill level 8 in Evocations
  4971 | Elf:3    | Reached skill level 9 in Invocations
  4982 | Elf:3    | Reached skill level 8 in Transmutations
  5020 | Elf:3    | Noticed a deep elf high priest
  5023 | Elf:3    | Killed a deep elf high priest
  5023 | Elf:3    | Reached skill level 7 in Conjurations
  5023 | Elf:3    | Reached skill level 7 in Hexes
  5023 | Elf:3    | Reached skill level 7 in Charms
  5023 | Elf:3    | Reached skill level 7 in Summonings
  5023 | Elf:3    | Reached skill level 7 in Necromancy
  5023 | Elf:3    | Reached skill level 7 in Translocations
  5023 | Elf:3    | Reached skill level 7 in Fire Magic
  5023 | Elf:3    | Reached skill level 7 in Ice Magic
  5023 | Elf:3    | Reached skill level 7 in Air Magic
  5023 | Elf:3    | Reached skill level 7 in Earth Magic
  5023 | Elf:3    | Reached skill level 7 in Poison Magic
  5145 | Elf:3    | Reached skill level 9 in Fighting
  5183 | Elf:3    | Noticed a deep elf sorcerer
  5190 | Elf:3    | Noticed a deep elf high priest
  5190 | Elf:3    | Killed a deep elf sorcerer
  5190 | Elf:3    | Reached skill level 10 in Spellcasting
  5193 | Elf:3    | Noticed a deep elf demonologist
  5196 | Elf:3    | Reached XP level 14. HP: 108/108 MP: 20/28
  5198 | Elf:3    | Noticed a Brimstone Fiend
  5202 | Elf:3    | Killed a deep elf demonologist
  5233 | Elf:3    | Learned a level 5 spell: Lee's Rapid Deconstruction
  5237 | Elf:3    | Found a shimmering altar of Xom.
  5245 | Elf:3    | Noticed a deep elf demonologist
  5251 | Elf:3    | Killed a deep elf demonologist
  5254 | Elf:3    | Reached skill level 10 in Dodging
  5258 | Elf:3    | Noticed a deep elf annihilator
  5259 | Elf:3    | Noticed a deep elf sorcerer
  5265 | Elf:3    | Killed a deep elf sorcerer
  5269 | Elf:3    | Killed a deep elf annihilator
  5270 | Elf:3    | Noticed a deep elf annihilator
  5277 | Elf:3    | Killed a deep elf annihilator
  5277 | Elf:3    | Reached skill level 9 in Short Blades
  5277 | Elf:3    | Reached skill level 9 in Long Blades
  5277 | Elf:3    | Reached skill level 9 in Axes
  5277 | Elf:3    | Reached skill level 9 in Maces & Flails
  5277 | Elf:3    | Reached skill level 9 in Polearms
  5277 | Elf:3    | Reached skill level 9 in Staves
  5277 | Elf:3    | Reached skill level 9 in Slings
  5277 | Elf:3    | Reached skill level 9 in Bows
  5277 | Elf:3    | Reached skill level 9 in Crossbows
  5277 | Elf:3    | Reached skill level 9 in Throwing
  5277 | Elf:3    | Reached skill level 9 in Armour
  5277 | Elf:3    | Reached skill level 9 in Stealth
  5277 | Elf:3    | Reached skill level 9 in Shields
  5277 | Elf:3    | Reached skill level 11 in Unarmed Combat
  5277 | Elf:3    | Reached skill level 9 in Evocations
  5279 | Elf:3    | Got a jewelled quarterstaff {elec}
  5304 | Elf:3    | Noticed a deep elf master archer
  5305 | Elf:3    | Killed a deep elf master archer
  5309 | Elf:3    | Noticed a deep elf demonologist
  5311 | Elf:3    | Noticed a deep elf master archer
  5311 | Elf:3    | Killed a deep elf demonologist
  5314 | Elf:3    | Killed a deep elf master archer
  5318 | Elf:3    | Noticed a deep elf sorcerer
  5321 | Elf:3    | Killed a deep elf sorcerer
  5321 | Elf:3    | Reached skill level 10 in Invocations
  5330 | Elf:3    | Noticed a deep elf sorcerer
  5333 | Elf:3    | Killed a deep elf sorcerer
  5373 | Elf:3    | Noticed shakethe's ghost (adept GnNe)
  5385 | Elf:3    | Noticed a deep elf annihilator
  5389 | Elf:3    | Killed a deep elf annihilator
  5405 | Elf:3    | Identified the cursed +0 quarterstaff of the Evil Eye {elec, rElec rN+ Stlth+} (You took it off a deep elf annihilator on level 3 of the Elven Halls)
  5412 | Elf:3    | Noticed a deep elf demonologist
  5434 | Elf:3    | Killed a deep elf demonologist
  5438 | Elf:3    | Noticed a deep elf elementalist
  5464 | Elf:3    | Noticed a deep elf sorcerer
  5480 | Elf:3    | Noticed a deep elf annihilator
  5483 | Elf:3    | Noticed a deep elf annihilator
  5485 | Elf:3    | Killed a deep elf annihilator
  5488 | Elf:3    | Killed a deep elf elementalist
  5491 | Elf:3    | Killed a deep elf annihilator
  5540 | Elf:3    | Noticed a deep elf annihilator
  5547 | Elf:3    | Killed a deep elf annihilator
  5547 | Elf:3    | Reached skill level 8 in Conjurations
  5547 | Elf:3    | Reached skill level 8 in Hexes
  5547 | Elf:3    | Reached skill level 8 in Charms
  5547 | Elf:3    | Reached skill level 8 in Summonings
  5547 | Elf:3    | Reached skill level 8 in Necromancy
  5547 | Elf:3    | Reached skill level 8 in Translocations
  5547 | Elf:3    | Reached skill level 8 in Fire Magic
  5547 | Elf:3    | Reached skill level 8 in Ice Magic
  5547 | Elf:3    | Reached skill level 8 in Air Magic
  5547 | Elf:3    | Reached skill level 8 in Earth Magic
  5547 | Elf:3    | Reached skill level 8 in Poison Magic
  5550 | Elf:3    | Reached XP level 15. HP: 103/115 MP: 29/29
  5557 | Elf:3    | Noticed a deep elf sorcerer
  5559 | Elf:3    | Reached skill level 9 in Transmutations
  5583 | Elf:3    | Noticed a deep elf sorcerer
  5586 | Elf:3    | Killed a deep elf sorcerer
  5586 | Elf:3    | Reached skill level 10 in Fighting
  5608 | Elf:3    | Noticed a deep elf blademaster
  5614 | Elf:3    | Killed a deep elf blademaster
  5615 | Elf:3    | Killed a deep elf sorcerer
  5643 | Elf:3    | Got a warped morningstar {flame}
  5648 | Elf:3    | Identified the +2 morningstar of the Scorpion {flame, rC+} (You took it off a deep elf knight on level 3 of the Elven Halls)
  5696 | Elf:3    | Reached skill level 11 in Spellcasting
  5741 | Elf:3    | Found the +0 sword of Power
  5763 | Elf:3    | Got a pair of scorched gloves
  5764 | Elf:3    | Identified the +1 pair of gloves "Hiezasac" {rF+ MR- Regen+ Stlth+} (You found it on level 3 of the Elven Halls)
  5787 | Elf:3    | Got an ivory long sword {pain}
  5807 | Elf:3    | Identified the +2 scale mail "Papnineu" {rF+} (You found it on level 3 of the Elven Halls)
  5817 | Elf:3    | Identified the +2 long sword "Rayhipi" {pain, rN++} (You took it off a deep elf knight on level 3 of the Elven Halls)
  5826 | Elf:3    | Found the +10 Black Knight's horse barding {ponderous, rPois rN+}
  5843 | Elf:3    | Killed a deep elf sorcerer
  5870 | Elf:3    | Noticed a deep elf blademaster
  5878 | Elf:3    | Killed a deep elf blademaster
  5879 | Elf:3    | Noticed a deep elf sorcerer
  5881 | Elf:3    | Killed a deep elf sorcerer
  5957 | Elf:1    | Noticed Frances
  5964 | Elf:1    | Reached skill level 10 in Short Blades
  5964 | Elf:1    | Reached skill level 10 in Long Blades
  5964 | Elf:1    | Reached skill level 10 in Axes
  5964 | Elf:1    | Reached skill level 10 in Maces & Flails
  5964 | Elf:1    | Reached skill level 10 in Polearms
  5964 | Elf:1    | Reached skill level 10 in Staves
  5964 | Elf:1    | Reached skill level 10 in Slings
  5964 | Elf:1    | Reached skill level 10 in Bows
  5964 | Elf:1    | Reached skill level 10 in Crossbows
  5964 | Elf:1    | Reached skill level 10 in Throwing
  5964 | Elf:1    | Reached skill level 10 in Armour
  5964 | Elf:1    | Reached skill level 10 in Stealth
  5964 | Elf:1    | Reached skill level 10 in Shields
  5964 | Elf:1    | Reached skill level 10 in Evocations
  5968 | Elf:1    | Killed Frances
  5977 | Elf:1    | Reached skill level 11 in Dodging
  5992 | Elf:1    | Identified the Collected Works on Conjuration
  6046 | Elf:1    | Reached skill level 11 in Invocations
  6124 | Elf:1    | Got a steaming rapier
  6199 | D:9      | Identified the +7 rapier "Keaptag" {flame, +Inv rElec Str-5 SInv} (You found it on level 1 of the Elven Halls)
  6225 | Lair:1   | Entered Level 1 of the Lair of Beasts
  6238 | Lair:1   | Reached skill level 9 in Earth Magic
  6350 | Lair:1   | Noticed Fannar
  6359 | Lair:1   | Killed Fannar
  6421 | Lair:2   | Found a labyrinth entrance.
  6429 | Lab      | Entered a labyrinth
  6918 | Lab      | Reached skill level 12 in Unarmed Combat
  6920 | Lab      | Found the +15 Maxwell's patent armour {-Cast -Tele rElec MR+ rCorr}
  6920 | Lab      | Got a sparkling brass ring
  6923 | Lab      | Identified the ring of Muveq {+Fly rC+ Str+6 Dex-3 SInv} (You found it in a labyrinth)
  6971 | Lair:4   | Reached XP level 16. HP: 124/124 MP: 31/31
  6989 | Lair:4   | Got a faintly humming leather armour
  7000 | Lair:4   | Identified the cursed +1 leather armour "Dovex" {rPois rF+ rC+ Int-5} (You found it on level 4 of the Lair of Beasts)
  7012 | Lair:4   | Found a staircase to the Swamp.
  7025 | Swamp:1  | Entered Level 1 of the Swamp
  7080 | Swamp:1  | Learned a level 5 spell: Irradiate
  7197 | Swamp:1  | Learned a level 3 spell: Regeneration
  7360 | Swamp:2  | Noticed a thorn hunter
  7374 | Swamp:2  | Killed a thorn hunter
  7458 | Swamp:4  | Entered Level 4 of the Swamp
  7458 | Swamp:4  | Noticed a thorn hunter
  7471 | Swamp:4  | Killed a thorn hunter
  7471 | Swamp:4  | Reached skill level 9 in Conjurations
  7471 | Swamp:4  | Reached skill level 9 in Hexes
  7471 | Swamp:4  | Reached skill level 9 in Charms
  7471 | Swamp:4  | Reached skill level 9 in Summonings
  7471 | Swamp:4  | Reached skill level 9 in Necromancy
  7471 | Swamp:4  | Reached skill level 9 in Translocations
  7471 | Swamp:4  | Reached skill level 9 in Fire Magic
  7471 | Swamp:4  | Reached skill level 9 in Ice Magic
  7471 | Swamp:4  | Reached skill level 9 in Air Magic
  7471 | Swamp:4  | Reached skill level 9 in Poison Magic
  7513 | Swamp:4  | Got a crystal flail
  7514 | Swamp:4  | Identified the cursed +2 flail of the Dove {crush, MR++ Stlth+} (You found it on level 4 of the Swamp)
  7539 | Swamp:4  | Reached skill level 11 in Fighting
  7667 | Swamp:4  | Reached skill level 10 in Earth Magic
  7668 | Swamp:4  | Reached skill level 10 in Transmutations
  7716 | Swamp:4  | Reached skill level 11 in Short Blades
  7716 | Swamp:4  | Reached skill level 11 in Long Blades
  7716 | Swamp:4  | Reached skill level 11 in Axes
  7716 | Swamp:4  | Reached skill level 11 in Maces & Flails
  7716 | Swamp:4  | Reached skill level 11 in Polearms
  7716 | Swamp:4  | Reached skill level 11 in Staves
  7716 | Swamp:4  | Reached skill level 11 in Slings
  7716 | Swamp:4  | Reached skill level 11 in Bows
  7716 | Swamp:4  | Reached skill level 11 in Crossbows
  7716 | Swamp:4  | Reached skill level 11 in Throwing
  7716 | Swamp:4  | Reached skill level 11 in Armour
  7716 | Swamp:4  | Reached skill level 11 in Stealth
  7716 | Swamp:4  | Reached skill level 11 in Shields
  7716 | Swamp:4  | Reached skill level 11 in Evocations
  7754 | Swamp:4  | Got a decaying rune of Zot
  7796 | Swamp:4  | Noticed Jorgrun
  7801 | Swamp:4  | Killed Jorgrun
  7801 | Swamp:4  | Reached skill level 12 in Spellcasting
  7801 | Swamp:4  | Reached XP level 17. HP: 131/131 MP: 31/33
  7865 | Swamp:3  | Lost mutation: Armour fits poorly on your strangely shaped body. [potion of mutation]
  7865 | Swamp:3  | Gained mutation: You are resistant to hostile enchantments. (MR+) [potion of mutation]
  7865 | Swamp:3  | Lost mutation: You are resistant to hostile enchantments. (MR+) [potion of mutation]
  7865 | Swamp:3  | Gained mutation: You are robust. (+10% HP) [potion of mutation]
  7912 | Swamp:3  | Reached skill level 12 in Invocations
  8159 | Lair:4   | Identified a scroll of acquirement
  8430 | Lair:3   | Learned a level 1 spell: Animate Skeleton
  8432 | Lair:3   | Learned a level 1 spell: Apportation
  8720 | Lair:3   | Reached skill level 12 in Dodging
  8726 | Lair:3   | Found a hole to the Spider Nest.
  8738 | Lair:3   | Learned a level 3 spell: Spectral Weapon
  8739 | Spider:1 | Entered Level 1 of the Spider Nest
  9087 | Spider:4 | Entered Level 4 of the Spider Nest
  9158 | Spider:4 | Reached skill level 11 in Earth Magic
  9185 | Spider:4 | Reached skill level 13 in Unarmed Combat
  9399 | Spider:4 | Reached skill level 10 in Conjurations
  9399 | Spider:4 | Reached skill level 10 in Hexes
  9399 | Spider:4 | Reached skill level 10 in Charms
  9399 | Spider:4 | Reached skill level 10 in Summonings
  9399 | Spider:4 | Reached skill level 10 in Necromancy
  9399 | Spider:4 | Reached skill level 10 in Translocations
  9399 | Spider:4 | Reached skill level 10 in Fire Magic
  9399 | Spider:4 | Reached skill level 10 in Ice Magic
  9399 | Spider:4 | Reached skill level 10 in Air Magic
  9399 | Spider:4 | Reached skill level 10 in Poison Magic
  9434 | Spider:4 | Reached skill level 12 in Fighting
  9434 | Spider:4 | Reached XP level 18. HP: 154/154 MP: 34/34
  9459 | Spider:4 | Got a gossamer rune of Zot
  9606 | Spider:3 | Noticed Mara
  9613 | Spider:2 | Noticed Louise
  9628 | Spider:2 | Killed Louise
  9767 | Lair:5   | Got a smoking helmet
  9773 | Lair:5   | Identified the cursed +0 helmet of the Saviour {-Cast MP+9 SInv} (You found it on level 5 of the Lair of Beasts)
  9819 | Lair:6   | Entered Level 6 of the Lair of Beasts
  9926 | Lair:6   | Found a staircase to the Slime Pits.
  9946 | Slime:1  | Entered Level 1 of the Pits of Slime
  9951 | Slime:1  | Gained mutation: You tend to lose your temper in combat. [a shining eye]
  9977 | Slime:2  | Reached skill level 12 in Short Blades
  9977 | Slime:2  | Reached skill level 12 in Long Blades
  9977 | Slime:2  | Reached skill level 12 in Axes
  9977 | Slime:2  | Reached skill level 12 in Maces & Flails
  9977 | Slime:2  | Reached skill level 12 in Polearms
  9977 | Slime:2  | Reached skill level 12 in Staves
  9977 | Slime:2  | Reached skill level 12 in Slings
  9977 | Slime:2  | Reached skill level 12 in Bows
  9977 | Slime:2  | Reached skill level 12 in Crossbows
  9977 | Slime:2  | Reached skill level 12 in Throwing
  9977 | Slime:2  | Reached skill level 12 in Armour
  9977 | Slime:2  | Reached skill level 12 in Stealth
  9977 | Slime:2  | Reached skill level 12 in Shields
  9977 | Slime:2  | Reached skill level 12 in Evocations
 10013 | Slime:2  | Reached skill level 13 in Invocations
 10014 | Slime:2  | Reached skill level 11 in Transmutations
 10014 | Slime:2  | Gained mutation: Scrolls take you a little longer to read. [a shining eye]
 10091 | Slime:5  | Entered Level 5 of the Pits of Slime
 10123 | Slime:5  | Reached skill level 13 in Spellcasting
 10123 | Slime:5  | Reached skill level 12 in Earth Magic
 10127 | Slime:5  | Noticed the Royal Jelly
 10130 | Slime:5  | Gained mutation: You have a pair of small antennae on your head. [a shining eye]
 10132 | Slime:5  | HP: 15/201 [azure jelly (33)]
 10136 | Slime:5  | HP: 7/201 [the Royal Jelly (3)]
 10136 | Slime:5  | Slain by the Royal Jelly

Skill      XL: |  1  2  3  4  5  6  7  8  9 10 11 12 13 14 15 16 17 18 |
---------------+-------------------------------------------------------+-----
Spellcasting   | 5 6 7 8 9 10 11 12 13 | 13.0
Short Blades   | 1 2 3 4 5 6 7 8 9 10 11 12 | 12.2
Long Blades    | 1 2 3 4 5 6 7 8 9 10 11 12 | 12.2
Axes           | 1 2 3 4 5 6 7 8 9 10 11 12 | 12.2
Maces & Flails | 1 2 3 4 5 6 7 8 9 10 11 12 | 12.2
Polearms       | 1 2 3 4 5 6 7 8 9 10 11 12 | 12.2
Staves         | 1 2 3 4 5 6 7 8 9 10 11 12 | 12.2
Slings         | 1 2 3 4 5 6 7 8 9 10 11 12 | 12.2
Bows           | 1 2 3 4 5 6 7 8 9 10 11 12 | 12.2
Crossbows      | 1 2 3 4 5 6 7 8 9 10 11 12 | 12.2
Throwing       | 1 2 3 4 5 6 7 8 9 10 11 12 | 12.2
Armour         | 1 2 3 4 5 6 7 8 9 10 11 12 | 12.2
Stealth        | 1 2 3 4 5 6 7 8 9 10 11 12 | 12.2
Shields        | 1 2 3 4 5 6 7 8 9 10 11 12 | 12.2
Invocations    | 1 2 3 4 5 6 7 8 9 10 11 12 13 | 13.2
Evocations     | 1 2 3 4 5 6 7 8 9 10 11 12 | 12.2
Conjurations   | 1 2 3 4 5 6 7 8 9 10 | 10.4
Hexes          | 1 2 3 4 5 6 7 8 9 10 | 10.4
Charms         | 1 2 3 4 5 6 7 8 9 10 | 10.4
Summonings     | 1 2 3 4 5 6 7 8 9 10 | 10.4
Necromancy     | 1 2 3 4 5 6 7 8 9 10 | 10.4
Translocations | 1 2 3 4 5 6 7 8 9 10 | 10.4
Fire Magic     | 1 2 3 4 5 6 7 8 9 10 | 10.4
Ice Magic      | 1 2 3 4 5 6 7 8 9 10 | 10.4
Air Magic      | 1 2 3 4 5 6 7 8 9 10 | 10.4
Earth Magic    | 1 2 3 4 5 6 7 8 9 10 11 12 | 12.1
Poison Magic   | 1 2 3 4 5 6 7 8 9 10 | 10.4
Fighting       | 3 4 5 6 7 8 9 10 11 12 | 12.4
Dodging        | 5 6 7 8 9 10 11 12 | 12.9
Unarmed Combat | 7 8 9 10 11 12 13 | 13.5
Transmutations | 4 5 6 7 8 9 10 11 | 11.1

Action                   |  1- 3 |  4- 6 |  7- 9 | 10-12 | 13-15 | 16-18 || total
-------------------------+-------+-------+-------+-------+-------+-------++-------
Melee: Unarmed           |    48 |    16 |   236 |   284 |   213 |   329 ||  1126
       Kick              |     4 |       |       |       |       |       ||     4
       Bite              |     2 |       |       |    48 |    32 |   138 ||   220
       Punch             |     1 |       |     1 |    20 |    13 |       ||    35
       Headbutt          |     2 |       |       |       |       |       ||     2
       Dagger            |       |       |    11 |    65 |    15 |     3 ||    94
       Broad axe         |       |       |       |       |     3 |     5 ||     8
       Hand axe          |       |       |       |       |       |   317 ||   317
       Demon trident     |       |       |       |       |       |    65 ||    65
Throw: Tomahawk          |       |       |       |     1 |    68 |    13 ||    82
 Cast: Beastly Appendage |     9 |       |       |       |       |       ||     9
       Spider Form       |     1 |     3 |    26 |       |       |       ||    30
       Sticks to Snakes  |     1 |       |    21 |    20 |     3 |       ||    45
       Sandblast         |       |       |     1 |     7 |     6 |     5 ||    19
       Passwall          |       |       |     2 |    12 |    10 |    17 ||    41
       Blade Hands       |       |       |     1 |    36 |     4 |       ||    41
       Summon Lightning  |       |       |       |       |    24 |     6 ||    30
       Statue Form       |       |       |       |       |    25 |    55 ||    80
       Lee's Rapid Decon |       |       |       |       |     5 |       ||     5
       Silence           |       |       |       |       |     4 |       ||     4
       Regeneration      |       |       |       |       |       |    14 ||    14
       Irradiate         |       |       |       |       |       |     8 ||     8
       Spectral Weapon   |       |       |       |       |       |    22 ||    22
       Apportation       |       |       |       |       |       |    36 ||    36
       Animate Skeleton  |       |       |       |       |       |     1 ||     1
Invok: Bend Time         |       |       |     1 |       |     2 |     1 ||     4
       Slouch            |       |       |       |    11 |     3 |    23 ||    37
 Abil: End Transformatio |       |       |     3 |     7 |     1 |     1 ||    12
Evoke: Wand              |       |       |    13 |    38 |    20 |    45 ||   116
       Lamp of fire      |       |       |       |       |       |     1 ||     1
  Use: Scroll            |     2 |       |    15 |     7 |    19 |    18 ||    61
       Potion            |       |     1 |     5 |     9 |     1 |     6 ||    22
 Stab: Sleeping          |       |     2 |     6 |    10 |     7 |    18 ||    43
       Paralysed         |       |       |     9 |     8 |     1 |     5 ||    23
       Distracted        |       |       |     2 |     2 |     8 |    13 ||    25
       Invisible         |       |       |     1 |     4 |     1 |     5 ||    11
       Betrayed ally     |       |       |       |     2 |       |       ||     2
  Eat: Ration            |       |       |     3 |     3 |     2 |     3 ||    11
       Chunk             |       |       |       |     3 |       |     9 ||    12
Armor: Robe              |     7 |       |     4 |    45 |     6 |     7 ||    69
       Skin              |       |       |    20 |     7 |    69 |   382 ||   478
Dodge: Dodged            |    23 |     9 |   182 |   280 |   196 |  1157 ||  1847
Block: Other             |       |       |     7 |    17 |     6 |       ||    30
       Reflection        |       |       |       |     5 |     1 |       ||     6
       Buckler           |       |       |       |       |    48 |   226 ||   274
       Shield            |       |       |       |       |       |   598 ||   598

Table legend:
 A = Turns spent in this place as a percentage of turns spent in the entire game.
 B = Non-inter-level travel turns spent in this place as a percentage of non-inter-level travel turns spent in the entire game.
 C = Inter-level travel turns spent in this place as a percentage of turns spent in this place.
 D = Turns resting spent in this place as a percentage of non-inter-level travel turns spent in this place.
 E = Turns spent auto-exploring this place as a percentage of non-inter-level travel turns spent in this place.
 F = Non-inter-level travel turns spent in this place divided by the number of levels of this place that you've seen.
                   A       B       C       D       E      F
               +-------+-------+-------+-------+-------+----------------------
         Total | 100.0 | 100.0 |   0.7 |   0.0 |   0.0 | 264.8
       Dungeon |  32.6 |  32.4 |   1.2 |   0.0 |   0.0 | 272.0
          Lair |  12.4 |  12.5 |   0.0 |   0.0 |   0.0 | 209.0
         Swamp |   9.8 |   9.8 |   0.0 |   0.0 |   0.0 | 247.8
   Spider Nest |   9.6 |   9.5 |   2.2 |   0.0 |   0.0 | 238.0
    Slime Pits |   1.9 |   1.9 |   0.0 |   0.0 |   0.0 |  38.0
  Orcish Mines |  10.4 |  10.4 |   1.2 |   0.0 |   0.0 | 522.0
   Elven Halls |  17.1 |  17.2 |   0.0 |   0.0 |   0.0 | 577.0
     Labyrinth |   5.0 |   5.0 |   0.0 |   0.0 |   0.0 | 503.0
       Ossuary |   1.3 |   1.3 |   0.0 |   0.0 |   0.0 | 135.0
               +-------+-------+-------+-------+-------+----------------------

Table legend:
 A = Kills in this place as a percentage of kills in entire the game.
 B = Kills by you in this place as a percentage of kills by you in the entire game.
 C = Kills by friends in this place as a percentage of kills by friends in the entire game.
 D = Other kills in this place as a percentage of other kills in the entire game.
 E = Experience gained in this place as a percentage of experience gained in the entire game.
 F = Experience gained in this place divided by the number of levels of this place that you have seen.
                   A       B       C       D       E      F
               +-------+-------+-------+-------+-------+----------------------
         Total | 100.0 | 100.0 | 100.0 | 100.0 | 100.0 | 7975.4
       Dungeon |  25.2 |  24.9 |  28.2 | 100.0 |   5.2 | 1323.8
          Lair |   9.8 |  10.7 |   0.0 |   0.0 |   5.7 | 2875.3
         Swamp |  12.2 |  12.8 |   6.4 |   0.0 |  18.5 | 13995.5
   Spider Nest |  19.5 |  21.0 |   2.6 |   0.0 |  22.3 | 16867.2
    Slime Pits |   6.0 |   6.3 |   2.6 |   0.0 |  12.7 | 7679.0
  Orcish Mines |  14.3 |  12.8 |  32.1 |   0.0 |   4.6 | 6947.0
   Elven Halls |  12.9 |  11.5 |  28.2 |   0.0 |  30.7 | 31032.0
     Labyrinth |   0.1 |   0.1 |   0.0 |   0.0 |   0.4 | 1091.0
               +-------+-------+-------+-------+-------+----------------------

Vault maps used:
D:1:      dpeg_arrival_round_b
D:2:      hangedman_abyss_or_decor_lesser_grid
D:3:      grunt_temple_overflow_growth_and_decay, uniq_robin
D:4:      lemuel_blue_sif_altar, nicolae_overflow_hidden_temple, first_ration,
          uniq_pikel, uniq_menkaure
D:5:      uniq_edmund
D:6:      nicolae_gozag_zags_fifth_avenue,
          minmay_temple_entry_statues_fountains, uniq_duvessa
D:7:      old_forge, enter_ossuary_4, the_bakery,
          hangedman_decor_diamond_cutter, nicolae_elemental_shop,
          uniq_crazy_yiuf_cottage
D:8:      okawaru_trees_2
D:9:      grunt_lair_entry_orc_guard_hut
D:10:     serial_ice, serial_ice_k, serial_ice_b, serial_ice_o, serial_ice_n,
          serial_ice_d, serial_ice_f, evilmike_ruin_ashenzari, uniq_maurice
D:12:     erik_orc_4
Lair:1:   special_room, uniq_fannar
Lair:2:   lab_entry_generic, grunt_megastairs_3
Lair:3:   spider_nest_entry_webs, st_stairs_12, beast_lair_carwin_8
Lair:4:   swamp_mist
Lair:6:   hangedman_lair_in_review, minmay_slime_entry_eyes,
          serial_bayou_shore_b
Swamp:1:  evilmike_swamp_ruin_house_2
Swamp:2:  wheals_swamp_sinkhole, swamp_pool2
Swamp:3:  serial_swamp_ruin, evilmike_swamp_ruin_house_5,
          evilmike_swamp_ruin_house_6, evilmike_swamp_ruin_house_1
Swamp:4:  swamp_vile, uniq_jorgrun
Spider:2: uniq_aizul, uniq_louise
Spider:3: spider_trap, guppyfry_spider_mini_1, uniq_arachne, uniq_mara
Spider:4: spider_rune_water, portal_ice_cave_entry_pillars_1,
          nicolae_spider_cling_ruins
Slime:1:  cheibrodos_slime_lost_civilization_7
Slime:3:  basic_altar
Slime:4:  cheibrodos_slime_lost_civilization_9
Orc:1:    mines3_lemuel
Orc:2:    st_orc_rangers
Elf:1:    minmay_elf_arrival_plus, minmay_elf_annihilation, uniq_frances
Elf:2:    serial_shops, shop, uniq_roxanne
Elf:3:    grunt_elf_hall_spiral, grunt_ministairs_8, guppyfry_elf_altar
Lab:      labyrinth_glass_1, nicolae_lab_quarters
Ossuary:  ossuary_due_cavern
